EL
MOBILE BAYBEARS @ BILOXI SHUCKERS
08/13/2048
 
TOP OF THE 1ST
Mobile BayBears batting - Pitching for Biloxi Shuckers : RHP Mark Hincks
Pitching: RHP Mark Hincks
Batting: RHB Carlos Ballesteros 0-0: Ball
1-0: Ground out 5-3 (Groundball, 5L, EV 85.0 MPH)
Batting: RHB Franklin Villanueva 0-0: Called Strike
0-1: Fly out, F8 (Flyball, 8RD, EV 108.1 MPH)
Batting: LHB Soo-yeon Kym 0-0: Ground out 4-3 (Groundball, 34D, EV 77.5 MPH)
Top of the 1st over - 0 runs, 0 hits, 0 errors, 0 left on base; Mobile 0 - Biloxi 0
BOTTOM OF THE 1ST
Biloxi Shuckers batting - Pitching for Mobile BayBears : LHP Sean Zech
Pitching: LHP Sean Zech
Batting: RHB Hector Silva 0-0: Foul Ball, location: 2F
0-1: Ball
1-1: Ball
2-1: Ball
3-1: Base on Balls
Batting: RHB Cameron Rattenbury 0-0: Called Strike
0-1: Ball
1-1: Fly out, F8 (Flyball, 78D, EV 90.6 MPH)
Batting: RHB Ben Taylor 0-0: Ball
1-0: Called Strike
Hector Silva steals 2nd base (no throw)
1-1: Ball
2-1: Foul Ball, location: 2F
2-2: Strikes out swinging
Batting: SHB Orlando Torres 0-0: Called Strike
0-1: Ball
1-1: Reached on error, E6 (Groundball, 6S, EV 93.1 MPH)
Hector Silva to third
Batting: RHB Bobby Heagle 0-0: Foul Ball, location: 2F
0-1: Ball
1-1: SINGLE (Groundball, 6MD, EV 101.2 MPH)
Hector Silva scores
Orlando Torres to second
Batting: LHB Pablo Cardona 0-0: Swinging Strike
0-1: Ball
1-1: Ball
2-1: Swinging Strike
2-2: Strikes out swinging
Bottom of the 1st over - 1 run, 1 hit, 1 error, 2 left on base; Mobile 0 - Biloxi 1
TOP OF THE 2ND
Mobile BayBears batting - Pitching for Biloxi Shuckers : RHP Mark Hincks
Batting: RHB Josh Burrows 0-0: Called Strike
0-1: Fly out, F7 (Flyball, 7, EV 86.9 MPH)
Batting: RHB Chris Bittner 0-0: Ball
1-0: Foul Ball, location: 2F
1-1: Ball
2-1: Ball
3-1: Base on Balls
Batting: RHB Paul Schreiber 0-0: Ball
Chris Bittner steals 2nd, throwing error, E2
Chris Bittner to third
1-0: Ball
2-0: Ball
3-0: Called Strike
3-1: DOUBLE (Line Drive, 5D, EV 100.0 MPH)
Chris Bittner scores
Batting: RHB Jeremy Adams 0-0: Called Strike
0-1: Ball
1-1: Swinging Strike
1-2: Ball
2-2: Strikes out swinging
Batting: SHB Ed Vargas 0-0: Ball
1-0: Called Strike
1-1: Foul Ball, location: 2F
1-2: Foul Ball, location: 2F
1-2: Ball
2-2: Ball
3-2: Base on Balls
Batting: RHB Curt Barrett 0-0: Ball
1-0: Called Strike
1-1: Called Strike
1-2: Foul Ball, location: 2F
1-2: Foul Ball, location: 2F
1-2: Foul Ball, location: 2F
1-2: Ball
2-2: Ball
3-2: Strikes out swinging
Top of the 2nd over - 1 run, 1 hit, 1 error, 2 left on base; Mobile 1 - Biloxi 1
BOTTOM OF THE 2ND
Biloxi Shuckers batting - Pitching for Mobile BayBears : LHP Sean Zech
Batting: RHB Steve Byerly 0-0: Called Strike
0-1: Fly out, F9 (Line Drive, 9S, EV 96.2 MPH)
Batting: RHB Josh Nelson 0-0: Swinging Strike
0-1: Called Strike
0-2: Ball
1-2: Strikes out swinging
Batting: LHB Rick Campbell 0-0: Ball
1-0: Called Strike
1-1: Swinging Strike
1-2: Fly out, F8 (Flyball, 78D, EV 109.4 MPH)
Bottom of the 2nd over - 0 runs, 0 hits, 0 errors, 0 left on base; Mobile 1 - Biloxi 1
TOP OF THE 3RD
Mobile BayBears batting - Pitching for Biloxi Shuckers : RHP Mark Hincks
Batting: RHB Carlos Ballesteros 0-0: Ground out 5-3 (Groundball, 56, EV 83.1 MPH)
Batting: RHB Franklin Villanueva 0-0: Ball
1-0: DOUBLE (Line Drive, 78D, EV 103.8 MPH)
Batting: LHB Soo-yeon Kym 0-0: Ground out 4-3 (Groundball, 4MS, EV 90.0 MPH)
Franklin Villanueva to third
Batting: RHB Josh Burrows 0-0: Fly out, F9 (Flyball, 9, EV 82.5 MPH)
Top of the 3rd over - 0 runs, 1 hit, 0 errors, 1 left on base; Mobile 1 - Biloxi 1
BOTTOM OF THE 3RD
Biloxi Shuckers batting - Pitching for Mobile BayBears : LHP Sean Zech
Batting: RHB Hector Silva 0-0: Ball
1-0: Foul Ball, location: 2F
1-1: Ground out 4-3 (Groundball, 4, EV 98.1 MPH)
Batting: RHB Cameron Rattenbury 0-0: Called Strike
0-1: SINGLE (Groundball, 34S, EV 69.4 MPH) (infield hit)
Batting: RHB Ben Taylor 0-0: Ball
1-0: Foul Ball, location: 2F
1-1: Called Strike
1-2: Ball
2-2: Ball
3-2: Base on Balls
Cameron Rattenbury to second
Batting: SHB Orlando Torres 0-0: Hit by Pitch
Cameron Rattenbury to third
Ben Taylor to second
Batting: RHB Bobby Heagle 0-0: Ball
1-0: Swinging Strike
1-1: Ball
2-1: Foul Ball, location: 2F
2-2: Fly out, F6 (Popup, 4MD, EV 48.1 MPH)
Batting: LHB Pablo Cardona 0-0: Fly out, F9 (Flyball, 9, EV 93.1 MPH)
Bottom of the 3rd over - 0 runs, 1 hit, 0 errors, 3 left on base; Mobile 1 - Biloxi 1
TOP OF THE 4TH
Mobile BayBears batting - Pitching for Biloxi Shuckers : RHP Mark Hincks
Batting: RHB Chris Bittner 0-0: Ball
1-0: Ball
2-0: SINGLE (Groundball, 56D, EV 101.9 MPH)
Batting: RHB Paul Schreiber 0-0: Foul Ball, location: 2F
0-1: Ball
1-1: Foul Ball, location: 2F
1-2: Ground out 6-3 (Groundball, 6MS, EV 68.1 MPH)
Chris Bittner to second
Batting: RHB Jeremy Adams 0-0: Ball
1-0: Ground out 6-3 (Groundball, 6, EV 82.5 MPH)
Batting: SHB Ed Vargas 0-0: Ball
1-0: Called Strike
1-1: Ground out 6-3 (Groundball, 6, EV 83.8 MPH)
Top of the 4th over - 0 runs, 1 hit, 0 errors, 1 left on base; Mobile 1 - Biloxi 1
BOTTOM OF THE 4TH
Biloxi Shuckers batting - Pitching for Mobile BayBears : LHP Sean Zech
Batting: RHB Steve Byerly 0-0: Swinging Strike
0-1: Ball
1-1: Foul Ball, location: 2F
1-2: Ball
2-2: Ball
3-2: Foul Ball, location: 2F
3-2: SINGLE (Groundball, 6D, EV 95.6 MPH)
Batting: RHB Josh Nelson 0-0: Swinging Strike
0-1: Foul Ball, location: 2F
0-2: Ball
1-2: Strikes out swinging
Batting: LHB Rick Campbell 0-0: Grounds into double play, 5-4-3 (Groundball, 56, EV 103.8 MPH)
Bottom of the 4th over - 0 runs, 1 hit, 0 errors, 0 left on base; Mobile 1 - Biloxi 1
TOP OF THE 5TH
Mobile BayBears batting - Pitching for Biloxi Shuckers : RHP Mark Hincks
Batting: RHB Curt Barrett 0-0: Called Strike
0-1: Swinging Strike
0-2: Ball
1-2: Foul Ball, location: 2F
1-2: Ball
2-2: Strikes out swinging
Batting: RHB Carlos Ballesteros 0-0: Foul Ball, location: 2F
0-1: Ball
1-1: Ball
2-1: Ball
3-1: Fly out, F4 (Line Drive, 6M, EV 65.0 MPH)
Batting: RHB Franklin Villanueva 0-0: Foul Ball, location: 2F
0-1: Ball
1-1: Ball
2-1: Fly out, F8 (Flyball, 89D, EV 91.2 MPH)
Top of the 5th over - 0 runs, 0 hits, 0 errors, 0 left on base; Mobile 1 - Biloxi 1
BOTTOM OF THE 5TH
Biloxi Shuckers batting - Pitching for Mobile BayBears : LHP Sean Zech
Batting: RHB Hector Silva 0-0: Swinging Strike
0-1: Called Strike
0-2: Ball
1-2: Ball
2-2: Foul Ball, location: 2F
2-2: Foul Ball, location: 2F
2-2: TRIPLE (Flyball, 89XD, EV 102.5 MPH)
Batting: RHB Cameron Rattenbury 0-0: Foul Ball, location: 2F
0-1: Fly out, F8 (Flyball, 8RM, EV 82.5 MPH)
Batting: RHB Ben Taylor 0-0: Called Strike
0-1: Called Strike
0-2: Strikes out swinging
Batting: SHB Orlando Torres 0-0: Called Strike
0-1: Ball
1-1: Ball
2-1: Ball
3-1: Called Strike
3-2: SINGLE (Flyball, 78S, EV 94.4 MPH)
Hector Silva scores
Batting: RHB Bobby Heagle 0-0: Ball
1-0: Ground out 4-3 (Groundball, 34, EV 75.6 MPH)
Bottom of the 5th over - 1 run, 2 hits, 0 errors, 1 left on base; Mobile 1 - Biloxi 2
TOP OF THE 6TH
Mobile BayBears batting - Pitching for Biloxi Shuckers : RHP Mark Hincks
Batting: LHB Soo-yeon Kym 0-0: Foul Ball, location: 2F
0-1: Called Strike
0-2: Fly out, F6 (Popup, 6M, EV 65.0 MPH)
Batting: RHB Josh Burrows 0-0: Ball
1-0: Ball
2-0: Foul Ball, location: 2F
2-1: Ball
3-1: Base on Balls
Batting: RHB Chris Bittner 0-0: Ball
1-0: Ball
2-0: Ball
3-0: Swinging Strike
3-1: Base on Balls
Josh Burrows to second
Batting: RHB Paul Schreiber 0-0: Ball
1-0: Called Strike
1-1: Ball
2-1: Fly out, F8 (Line Drive, 89D, EV 96.2 MPH)
Batting: RHB Jeremy Adams 0-0: Ball
Wild Pitch!
Josh Burrows to third
Chris Bittner to second
1-0: Called Strike
1-1: Foul Ball, location: 2F
1-2: 3-RUN HOME RUN (Flyball, 78XD, EV 110.6 MPH), Distance : 438 ft
Batting: SHB Ed Vargas 0-0: Ball
1-0: Foul Ball, location: 2F
1-1: Called Strike
1-2: SINGLE (Line Drive, 4D, EV 98.8 MPH)
Batting: RHB Curt Barrett 0-0: Swinging Strike
0-1: Called Strike
0-2: Fly out, F9 (Flyball, 9, EV 89.4 MPH)
Top of the 6th over - 3 runs, 2 hits, 0 errors, 1 left on base; Mobile 4 - Biloxi 2
BOTTOM OF THE 6TH
Biloxi Shuckers batting - Pitching for Mobile BayBears : LHP Sean Zech
Pitching: RHP Jason Hammons
Batting: LHB Pablo Cardona 0-0: Ball
1-0: Foul Ball, location: 2F
1-1: SINGLE (Groundball, 25, EV 62.5 MPH) (infield hit)
Batting: RHB Steve Byerly 0-0: Ball
1-0: Ball
2-0: SINGLE (Groundball, 34D, EV 95.6 MPH)
Pablo Cardona to second
Runner from 2nd tries for 3rd, SAFE, throw by RF made to third
Batting: RHB Josh Nelson 0-0: Called Strike
0-1: Swinging Strike
0-2: Ball
1-2: Strikes out swinging
Batting: LHB Rick Campbell 0-0: Ball
1-0: Swinging Strike
1-1: SINGLE (Groundball, 34D, EV 101.9 MPH)
Pablo Cardona scores
Steve Byerly to second
Runner from 2nd tries for 3rd, SAFE, throw by RF made to third
Rick Campbell to second
Batting: RHB Hector Silva 0-0: Ball
1-0: Ball
2-0: Ball
3-0: Foul Ball, location: 2F
3-1: Base on Balls
Pinch Hitting: SHB Mike Williams 0-0: Foul Ball, location: 2F
0-1: Ball
1-1: Called Strike
1-2: Strikes out swinging
Batting: RHB Ben Taylor 0-0: Swinging Strike
0-1: Ball
1-1: Ball
2-1: Foul Ball, location: 2F
2-2: Strikes out looking
Bottom of the 6th over - 1 run, 3 hits, 0 errors, 3 left on base; Mobile 4 - Biloxi 3
TOP OF THE 7TH
Mobile BayBears batting - Pitching for Biloxi Shuckers : RHP Mark Hincks
Now in CF: Mike Williams
Now in RF: Pablo Cardona
Batting: RHB Carlos Ballesteros 0-0: Ball
1-0: Foul Ball, location: 2F
1-1: Ball
2-1: Ball
3-1: Ground out 5-3 (Groundball, 56S, EV 88.8 MPH)
Pitching: LHP Matt Wojtkiewicz
Batting: RHB Franklin Villanueva 0-0: Ball
1-0: Ball
2-0: Ball
3-0: Base on Balls
Batting: LHB Soo-yeon Kym 0-0: Called Strike
0-1: Foul Ball, location: 2F
0-2: Foul Ball, location: 2F
0-2: Hit by Pitch
Franklin Villanueva to second
Batting: RHB Josh Burrows 0-0: Called Strike
0-1: Ball
1-1: Foul Ball, location: 2F
1-2: Ball
2-2: Ball
3-2: Foul Ball, location: 2F
3-2: Grounds into double play, 4-6-3 (Groundball, 4, EV 100.0 MPH)
Top of the 7th over - 0 runs, 0 hits, 0 errors, 1 left on base; Mobile 4 - Biloxi 3
BOTTOM OF THE 7TH
Biloxi Shuckers batting - Pitching for Mobile BayBears : RHP Jason Hammons
Pitching: LHP Heath Henderson
Batting: SHB Orlando Torres 0-0: Called Strike
0-1: Ball
1-1: Foul Ball, location: 2F
1-2: Fly out, F4 (Popup, 34, EV 54.4 MPH)
Batting: RHB Bobby Heagle 0-0: Swinging Strike
0-1: Foul Ball, location: 2F
0-2: Ground out 4-3 (Groundball, 4, EV 93.1 MPH)
Batting: LHB Pablo Cardona 0-0: Foul Ball, location: 2F
0-1: Foul Ball, location: 2F
0-2: Strikes out swinging passed ball, reaches first!
Batting: RHB Steve Byerly Pickoff Throw to First - Out! 1-3 CS
Bottom of the 7th over - 0 runs, 0 hits, 0 errors, 0 left on base; Mobile 4 - Biloxi 3
TOP OF THE 8TH
Mobile BayBears batting - Pitching for Biloxi Shuckers : LHP Matt Wojtkiewicz
Batting: RHB Chris Bittner 0-0: Called Strike
0-1: Swinging Strike
0-2: Strikes out looking
Batting: RHB Paul Schreiber 0-0: Ball
1-0: Foul Ball, location: 2F
1-1: DOUBLE (Flyball, 89D, EV 106.9 MPH)
Batting: RHB Jeremy Adams 0-0: Intentional Walk
Batting: SHB Ed Vargas 0-0: Called Strike
0-1: Swinging Strike
0-2: Ball
1-2: Ball
2-2: Reached on error, E4 (Groundball, 4MS, EV 81.9 MPH)
Paul Schreiber to third
Jeremy Adams to second
Batting: RHB Curt Barrett 0-0: Fly out, F7 (Line Drive, 7S, EV 91.2 MPH)
Batting: RHB Carlos Ballesteros 0-0: Called Strike
0-1: Foul Ball, location: 2F
0-2: Ball
1-2: Strikes out swinging
Top of the 8th over - 0 runs, 1 hit, 1 error, 3 left on base; Mobile 4 - Biloxi 3
BOTTOM OF THE 8TH
Biloxi Shuckers batting - Pitching for Mobile BayBears : LHP Heath Henderson
Batting: RHB Steve Byerly 0-0: Foul Ball, location: 2F
0-1: Ball
1-1: Foul Ball, location: 2F
1-2: Ball
2-2: Foul Ball, location: 2F
2-2: Ball
3-2: Foul Ball, location: 2F
3-2: Foul Ball, location: 2F
3-2: SINGLE (Line Drive, 9LD, EV 108.8 MPH)
Batting: RHB Josh Nelson 0-0: Ball
1-0: Foul Ball, location: 2F
1-1: Swinging Strike
1-2: Ball
2-2: Strikes out swinging
Pinch Hitting: RHB Brian Landrum 0-0: Called Strike
0-1: Ball
1-1: Grounds into double play, 6-4-3 (Groundball, 56S, EV 83.8 MPH)
Bottom of the 8th over - 0 runs, 1 hit, 0 errors, 0 left on base; Mobile 4 - Biloxi 3
TOP OF THE 9TH
Mobile BayBears batting - Pitching for Biloxi Shuckers : LHP Matt Wojtkiewicz
Pitching: RHP Ernie Schmutz
Now at SS: Brian Landrum
Batting: RHB Franklin Villanueva 0-0: Ball
1-0: Foul Ball, location: 2F
1-1: Called Strike
1-2: Strikes out swinging
Batting: LHB Soo-yeon Kym 0-0: Ball
1-0: SOLO HOME RUN (Flyball, 7D, EV 97.5 MPH), Distance : 376 ft
Batting: RHB Josh Burrows 0-0: Called Strike
0-1: Ball
1-1: Foul Ball, location: 2F
1-2: Ball
2-2: Ball
3-2: Strikes out swinging, 2-3 out at first.
Batting: RHB Chris Bittner 0-0: Ball
1-0: Ball
2-0: Called Strike
2-1: Swinging Strike
2-2: Ball
3-2: Strikes out swinging
Top of the 9th over - 1 run, 1 hit, 0 errors, 0 left on base; Mobile 5 - Biloxi 3
BOTTOM OF THE 9TH
Biloxi Shuckers batting - Pitching for Mobile BayBears : LHP Heath Henderson
Pitching: RHP Edwin Martinez
Now at 1B: T.J. Duvall
Batting: RHB Hector Silva 0-0: Swinging Strike
0-1: Ball
1-1: Fly out, F9 (Flyball, 9S, EV 80.6 MPH)
Batting: SHB Mike Williams 0-0: Ball
1-0: Ball
2-0: Called Strike
2-1: DOUBLE (Line Drive, 5D, EV 94.4 MPH)
Batting: RHB Ben Taylor 0-0: Called Strike
0-1: Ball
1-1: Fly out, F8 (Flyball, 78M, EV 89.4 MPH)
Batting: SHB Orlando Torres 0-0: Called Strike
0-1: Ball
1-1: SINGLE (Groundball, 6S, EV 70.0 MPH) (infield hit)
Mike Williams to third
Batting: RHB Bobby Heagle 0-0: Ball
1-0: Fly out, F9 (Flyball, 9, EV 71.9 MPH)
Bottom of the 9th over - 0 runs, 2 hits, 0 errors, 2 left on base; Mobile 5 - Biloxi 3
Tuesday, March 28th , 2023 - OOTP Baseball 23.10 Build 110